 Dungeon Crawl Stone Soup version 0.27-a0-1378-gdefffd1ff6 (webtiles) character file.

Game seed: 2217598555907930565

135 Pottery the Shield-Bearer (level 5, -18/41 HPs)
             Began as a Formicid Fighter on June 29, 2021.
             Was an Initiate of Ru.
             Demolished by an ogre (26 damage)
             ... on level 3 of the Dungeon.
             The game lasted 00:05:01 (3068 turns).

Pottery the Shield-Bearer (Formicid Fighter)        Turns: 3068, Time: 00:05:01

Health: -18/41     AC:  7    Str: 22    XL:     5   Next: 42%
Magic:  5/5        EV:  8    Int:  7    God:    Ru [......]
Gold:   128        SH:  9    Dex: 10    Spells: 4/4 levels left

rFire    . . .     SeeInvis +   a - +0 long sword
rCold    . . .     Faith    .   c - +0 kite shield
rNeg     . . .     Spirit   .   b - +0 scale mail
rPois    .         Reflect  .   (helmet unavailable)
rElec    .         Harm     .   (no cloak)
rCorr    .         Rampage  .   (no gloves)
Will     .....                  (no boots)
Stlth    ..........             (no amulet)
HPRegen  0.13/turn              (no ring)
MPRegen  0.09/turn              (no ring)

@: no status effects
A: permanent stasis, dig shafts and tunnels, antennae 3, four strong arms
a: Dig, Shaft Self, Renounce Religion


You were on level 3 of the Dungeon.
You worshipped Ru.
Ru was noncommittal.
You visited 1 branch of the dungeon, and saw 4 of its levels.

You collected 128 gold pieces.

Inventory:

Hand Weapons
 a - a +0 long sword (weapon)
Armour
 b - a +0 scale mail (worn)
 c - a +0 kite shield (worn)
Scrolls
 e - a scroll of fear {unknown}
 f - 2 scrolls of identify {unknown}
 g - 2 scrolls of acquirement {unknown}
 k - a scroll of vulnerability {unknown}
 l - a scroll of blinking {unknown}
Potions
 d - 3 potions of might
 i - a potion of invisibility {unknown}
 j - a potion of resistance {unknown}
 m - 2 potions of lignification {unknown}
 n - a potion of degeneration {unknown}


   Skills:
 + Level 3.5 Fighting
 * Level 4.1 Long Blades
 + Level 3.8 Armour
 + Level 0.1 Dodging
 + Level 0.1 Stealth
 + Level 4.4 Shields


You had 4 spell levels left.
You didn't know any spells.
Your spell library contained the following spells:

 Spells                   Type           Power      Damage    Failure   Level
 Animate Skeleton         Necr           0%         N/A       97%         1
 Pain                     Necr           0%         1d4       97%         1
 Vampiric Draining        Necr           0%         2d6       100%        3
 Animate Dead             Necr           0%         N/A       100%        4
 Agony                    Necr           0%         N/A       100%        5


Dungeon Overview and Level Annotations

Branches:
Dungeon (4/15)
 Temple: D:4-7

Altars:
Ru

Shops:
D:2 *


Innate Abilities, Weirdness & Mutations

You cannot be hasted, slowed, berserked, paralysed or teleported.
You can dig through walls and to a lower floor.
You have a pair of large antennae on your head. (SInv)
Your four strong arms can wield two-handed weapons with a shield.


Message History

You climb upwards.
There is a stone staircase leading down here.
You start resting.
HP restored.
You climb downwards.
The ogre hits you with a +0 giant club!
There is a stone staircase leading up here.
You hit the ogre.
The ogre is moderately wounded.
You block the ogre's attack.
Your scale mail prevents you from hitting the ogre.
The ogre is moderately wounded.
You block the ogre's attack.
You hit the ogre.
The ogre is moderately wounded.
The ogre hits you with a +0 giant club!
You slash the ogre!
The ogre is severely wounded.
The ogre hits you with a +0 giant club!
* * * LOW HITPOINT WARNING * * *
There is a stone staircase leading up here.
You see here a +0 whip.
Okay, then.
You see here a +0 rapier.
It was a potion of curing.
You feel better. The ogre closely misses you.
Your scale mail prevents you from hitting the ogre.
The ogre is heavily wounded.
You block the ogre's attack.
You hit the ogre.
The ogre is severely wounded.
The ogre hits you with a +0 giant club!
* * * LOW HITPOINT WARNING * * *
You barely miss the ogre.
The ogre is severely wounded.
The ogre closely misses you.
You riposte.
You barely miss the ogre.
The ogre is severely wounded.
You hit the ogre.
The ogre is severely wounded.
The ogre hits you with a +0 giant club!!
Ouch! That really hurt!
You die...

...........## #..# #.#
########.#..## ##.## #.#
#.##..# #..# ##.# #...#.# #.##
#..# ###...#### #.# ##.##
##.....# ####.#####..# ##
##....####.......##.## (#####
##......>#.......##.#
)....######(..<.@O.........##.#
..##...................(...##.#
#..###.###.................#..#
##...#.....................#.##
####.###..#...........>).....#
#.#.....รท>).#...###....#.##
#...####.)####### ####...##
###.#####..### ##...#
###...####...#########....##


You could see an ogre.

Vanquished Creatures
  An iguana (D:4)
  4 adders
  A worm (D:3)
  3 orcs (D:3)
  A ball python (D:1)
  4 bats
  4 endoplasms
  2 giant cockroaches (D:3)
  6 goblins
  5 hobgoblins
  11 jackals
  2 quokkas
  3 frilled lizards
  7 kobolds
  9 rats
63 creatures vanquished.

Vanquished Creatures (others)
  A plant (D:4)
  3 withered plants (D:1)
4 creatures vanquished.

Grand Total: 67 creatures vanquished

Notes
Turn   | Place    | Note
-------+----------+-------------------------------------------
     0 | D:1      | Pottery the Formicid Fighter began the quest for the Orb.
     0 | D:1      | Reached XP level 1. HP: 18/18 MP: 1/1
   147 | D:1      | Reached XP level 2. HP: 24/24 MP: 2/2
   305 | D:1      | Found a faded altar of an unknown god.
   560 | D:1      | Reached XP level 3. HP: 29/29 MP: 3/3
  1453 | D:2      | Found Jomisch's Assorted Antiques.
  1748 | D:2      | Reached XP level 4. HP: 35/35 MP: 4/4
  2405 | D:3      | Reached XP level 5. HP: 31/41 MP: 5/5
  2566 | D:3      | Found a sacrificial altar of Ru.
  2575 | D:3      | Became a worshipper of Ru the Awakened
  2812 | D:4      | Noticed an ogre
  3068 | D:3      | Demolished by an ogre

Illustrated notes

Levels and vault maps discovered:
D:1:      dpeg_arrival_morbid_curiosity, layout_loops_corners,
          ebering_ecumenical_altar_petrified
D:2:      layout_basic, serial_shops, nicolae_shop_behind_doors
D:3:      layout_rooms, nicolae_ru_the_path_less_chosen
D:4:      layout_cave_pools, lemuel_crystal_altar, minmay_temple_entry_wispy,
          serial_forest, infiniplex_forest_clump_small,
          infiniplex_forest_lined_2, infiniplex_forest_clump_small,
          infiniplex_forest_clump_medium, infiniplex_forest_fountain,
          uniq_grinder

Skill      XL: |  1  2  3  4  5 |
---------------+----------------+-----
Shields        | 4 |  4.4
Long Blades    | 3 4 |  4.1
Fighting       | |  3.5
Armour         | |  3.8
Dodging        | |  0.1
Stealth        | |  0.1

Action                   |  1- 3 |  4- 6 || total
-------------------------+-------+-------++-------
Melee: Long sword        |    90 |   100 ||   190
  Use: Potion            |       |     1 ||     1
Armor: Scale mail        |    44 |    36 ||    80
Dodge: Dodged            |    35 |    29 ||    64
Block: Kite shield       |    58 |    74 ||   132
       Rpst.: Long sword |     8 |    10 ||    18

Table legend: (Time is in decaauts)
 A = Elapsed time spent in this place.
 B = Non-inter-level travel time spent in this place.
 C = Inter-level travel time spent in this place.
 D = Time resting spent in this place.
 E = Time spent auto-exploring this place.
 F = Levels seen in this place.
 G = Mean time per level.
                   A        B        C        D        E       F      G
               +--------+--------+--------+--------+--------+-----+--------+
         Total |   3151 |   3039 |    112 |    307 |   1969 |   4 |  787.8 |
       Dungeon |   3151 |   3039 |    112 |    307 |   1969 |   4 |  787.8 |
               +--------+--------+--------+--------+--------+-----+--------+

Top non-repeatable levels by time:
     D:1: 1284 daAuts
     D:3: 975 daAuts
     D:2: 829 daAuts
     D:4: 61 daAuts
